 Dungeon Crawl Stone Soup version 0.26.1-11-gd32895ea62 (webtiles) character file.

Game seed: 10100545120237040906

6260 Zeld the Carver (level 10, -30/63 HPs)
             Began as an Octopode Monk on May 19, 2021.
             Was a Priest of Qazlal.
             Hit by a large rock thrown by a cyclops (34 damage)
             ... on level 11 of the Dungeon.
             The game lasted 00:18:12 (15685 turns).

Zeld the Carver (Octopode Monk)                    Turns: 15685, Time: 00:18:12

Health: -30/63     AC:  5    Str: 13    XL:     10   Next: 93%
Magic:  10/10      EV: 14    Int: 12    God:    Qazlal [***...]
Gold:   19         SH:  4    Dex: 16    Spells: 9/9 levels left

rFire    . . .     SeeInvis .   g - +2 scimitar (freeze)
rCold    . . .     Faith    .   (no shield)
rNeg     . . .     Spirit   .   (helmet restricted)
rPois    .         Reflect  .   (no amulet)
rElec    .         Harm     .   j - +4 ring of protection
rCorr    .         Rampage  .   (no ring)
Will     .....                  (no ring)
Stlth    ++........             (no ring)
HPRegen  0.20/turn              (no ring)
MPRegen  0.12/turn              (no ring)
                                (no ring)
                                (no ring)

@: no status effects
A: almost no armour, stealthy swim, amphibious, 8 rings, constrict 8, camouflage
1, gelatinous body 1
a: Renounce Religion, Upheaval, Elemental Force


You were on level 11 of the Dungeon.
You worshipped Qazlal.
Qazlal was most pleased with you.
You visited 2 branches of the dungeon, and saw 12 of its levels.
You also visited: Sewer.

You collected 640 gold pieces.
You spent 621 gold pieces at shops.

Inventory:

Hand Weapons
 g - a +2 scimitar of freezing (weapon)
Missiles
 b - 13 boomerangs (quivered)
Jewellery
 j - a +4 ring of protection (left tentacle)
Wands
 o - a wand of disintegration (10)
 p - a wand of paralysis (1)
 q - a wand of digging (4)
 y - a wand of iceblast (9)
 A - a wand of random effects (34)
 C - a wand of acid (20)
Scrolls
 a - a scroll of enchant armour {unknown}
 c - 4 scrolls of fog
 h - 10 scrolls of remove curse
 r - 3 scrolls of teleportation
 u - 2 scrolls of amnesia
 w - 2 scrolls of magic mapping
Potions
 e - 5 potions of brilliance
 f - 13 potions of degeneration
 k - 3 potions of cancellation {unknown}
 l - 2 potions of lignification {unknown}
 m - a potion of berserk rage {unknown}
 n - 2 potions of mutation {unknown}
 t - a potion of invisibility {unknown}
 v - 2 potions of ambrosia {unknown}
 x - 4 potions of haste {unknown}
 z - 3 potions of heal wounds {unknown}
 B - 3 potions of might {unknown}
 E - 3 potions of flight {unknown}


   Skills:
 - Level 3.0 Fighting
 - Level 14.0 Long Blades
 * Level 7.5 Throwing
 - Level 3.0 Dodging
 - Level 2.6 Stealth


You had 9 spell levels left.
You didn't know any spells.
Your spell library contained the following spells:

 Spells                   Type           Power        Failure   Level
 Animate Skeleton         Necr           0%           32%         1
 Apportation              Tloc           0%           32%         1
 Corona                   Hex            0%           32%         1
 Pain                     Necr           0%           32%         1
 Summon Small Mammal      Summ           0%           32%         1
 Lesser Beckoning         Tloc           0%           69%         3
 Tukima's Dance           Hex            0%           69%         3
 Vampiric Draining        Necr           0%           69%         3
 Animate Dead             Necr           0%           97%         4
 Agony                    Necr           0%           100%        5
 Alistair's Intoxication  Tmut/Pois      0%           100%        5
 Invisibility             Hex            0%           100%        6


Dungeon Overview and Level Annotations

Branches:
Dungeon (11/15)            Temple (1/1) D:4            Lair (0/6) D:8
    Orc (0/2) D:9           Sewer (visited)

Altars:
Ashenzari
Cheibriados
Dithmenos
Elyvilon
Fedhas
Gozag
Hepliaklqana
Kikubaaqudgha
Makhleb
Nemelex Xobeh
Okawaru
Qazlal
Ru
Sif Muna
Trog
Uskayaw
Vehumet
Wu Jian
Xom
Yredelemnul
Zin
The Shining One

Shops:
D:6 ?   D:7 **   D:9 (


Innate Abilities, Weirdness & Mutations

You cannot wear most types of armour.
You are very stealthy in the water. (Stealth+)
You are amphibious.
You can wear up to eight rings at the same time.
You can use your tentacles to constrict eight enemies at once.
Your skin changes colour to match your surroundings (Stealth+).
Your rubbery body absorbs attacks. (AC +1, EV +1)


Message History

You feel better. The cyclops hits you!
* * * LOW HITPOINT WARNING * * *
You feel better.
You are too injured to fight recklessly!
You are too injured to fight recklessly!
You are too injured to fight recklessly!
You hit the cyclops. You freeze the cyclops.
The cyclops is moderately wounded.
The cyclops hits you.
* * * LOW HITPOINT WARNING * * *
Unknown command.
You feel better. The cyclops hits you!!
* * * LOW HITPOINT WARNING * * *
You fail to use your ability.
The cyclops throws a large rock.
The large rock completely misses you.
The cyclops throws a large rock.
The large rock completely misses you.
There is a stone staircase leading up here.
The cyclops throws a large rock.
The large rock hits you!!
Ouch! That really hurt!
You die...

#####...# ........
.......# ......###
##########.(......
.........#.......
........○#.#..####
....(..@...C.....#
......§..#.#..##.#
......#.......#
......##.#.##...
..... ..#... ...
..... ##.#.#.. ...
.... #.#.#.## ##
.... #.#.. .


You could see a cyclops.

Vanquished Creatures
  Urug (D:10)
  Joseph (D:10)
  2 polar bears
  3 wargs (D:8)
  A steam dragon (D:8)
  3 ice beasts
  A sky beast (D:6)
  A swamp drake (D:9)
  An orc warrior (D:9)
  A black bear (D:7)
  A necrophage (D:9)
  2 phantoms
  A wolf (D:9)
  4 ogres
  2 centaurs
  2 big kobolds
  6 bullfrogs
  5 scorpions
  13 wights
  2 electric eels (D:9)
  A quasit (D:10)
  A centaur zombie (D:9)
  6 hounds
  4 jellies
  6 orc priests
  A bullfrog skeleton (D:9)
  12 orc wizards
  A centaur skeleton (D:6)
  7 worker ants
  2 iguanas
  2 bullfrog simulacra (D:9)
  A hound skeleton (D:8)
  7 gnolls (D:3)
  A worker ant zombie (D:10)
  15 adders
  A river rat (D:4)
  A shadow imp (D:10)
  4 white imps
  7 ufetubi
  An ooze (D:2)
  2 worms (D:2)
  4 dart slugs
  8 leopard geckos
  41 orcs
  13 giant cockroaches
  2 goblins (D:3)
  5 hobgoblins
  8 jackals
  10 kobolds
  2 quokkas
  2 ball pythons
  5 bats
  11 frilled lizards
  A giant cockroach zombie (D:5)
  3 rats (D:3)
  A spectral orc (D:9)
252 creatures vanquished.

Vanquished Creatures (others)
  A white imp (D:9)
  2 plants (D:5)
3 creatures vanquished.

Grand Total: 255 creatures vanquished

Notes
Turn   | Place    | Note
-------+----------+-------------------------------------------
     0 | D:1      | Zeld the Octopode Monk began the quest for the Orb.
     0 | D:1      | Reached XP level 1. HP: 16/16 MP: 1/1
    87 | D:1      | Reached XP level 2. HP: 21/21 MP: 2/2
   109 | D:2      | Found a shimmering altar of Xom.
   120 | D:2      | Reached skill level 4 in Long Blades
   120 | D:2      | Reached XP level 3. HP: 18/26 MP: 3/3
   670 | D:2      | Found a broken altar of Ashenzari.
   671 | D:2      | Found a hazy altar of Hepliaklqana.
   675 | D:2      | Found an iron altar of Okawaru.
   806 | D:3      | Noticed a phantom
  1069 | D:4      | Found a glowing drain.
  1075 | D:4      | Reached XP level 4. HP: 31/31 MP: 4/4
  1084 | Sewer    | Entered a sewer
  1193 | Sewer    | Reached skill level 5 in Long Blades
  1537 | Sewer    | Noticed a bullfrog
  1545 | Sewer    | Killed a bullfrog
  1546 | Sewer    | Reached XP level 5. HP: 36/36 MP: 5/5
  1591 | D:4      | Reached skill level 6 in Long Blades
  1713 | D:4      | Found a staircase to the Ecumenical Temple.
  1720 | Temple   | Entered the Ecumenical Temple
  1795 | Temple   | Became a worshipper of Qazlal Stormbringer
  1795 | Temple   | Reached * piety under Qazlal
  1795 | Temple   | Reached ** piety under Qazlal
  2943 | D:3      | Reached XP level 6. HP: 30/42 MP: 6/6
  3379 | D:3      | Reached skill level 7 in Long Blades
  4075 | D:3      | Killed a phantom
  4076 | D:3      | Reached XP level 7. HP: 27/46 MP: 7/7
  4280 | D:3      | Found a shimmering blue altar of Sif Muna.
  4605 | D:4      | Reached *** piety under Qazlal
  4639 | D:4      | Reached skill level 8 in Long Blades
  5439 | D:5      | Entered Level 5 of the Dungeon
  5474 | D:5      | Found a blossoming altar of Fedhas.
  5561 | D:5      | Reached skill level 9 in Long Blades
  6017 | D:5      | Reached XP level 8. HP: 42/52 MP: 8/8
  6606 | D:6      | Reached skill level 10 in Long Blades
  6813 | D:6      | Found Ogahuese's Magic Scroll Emporium.
  6824 | D:6      | Bought a scroll of identify for 24 gold pieces
  6824 | D:6      | Bought a scroll of identify for 24 gold pieces
  6824 | D:6      | Bought a scroll of remove curse for 36 gold pieces
  6824 | D:6      | Bought a scroll of enchant weapon for 90 gold pieces
  6824 | D:6      | Bought a scroll of enchant weapon for 90 gold pieces
  6824 | D:6      | Bought a scroll of magic mapping for 42 gold pieces
  7611 | D:7      | Reached skill level 11 in Long Blades
  7770 | D:7      | Found a white marble altar of Elyvilon.
  8038 | D:7      | Reached XP level 9. HP: 54/56 MP: 9/9
  8066 | D:7      | Found Amuergh's Assorted Antiques.
  8072 | D:7      | Bought a curved bone wand for 76 gold pieces
  8138 | D:7      | Found Ceuzxeceam's Assorted Antiques.
  8157 | D:7      | Bought a scroll labelled OMOARAWIEDY for 31 gold pieces
  8447 | D:7      | Bought a sedimented blue potion for 17 gold pieces
  8887 | D:8      | Reached skill level 12 in Long Blades
 10036 | D:7      | Found Amuergh's Assorted Antiques.
 10204 | D:7      | Found a white marble altar of Elyvilon.
 10267 | D:7      | Found Ceuzxeceam's Assorted Antiques.
 10607 | D:8      | Reached skill level 13 in Long Blades
 11032 | D:8      | Found a staircase to the Lair.
 11517 | D:7      | Bought a purple potion for 17 gold pieces
 11548 | D:7      | Bought a fizzy ruby potion for 27 gold pieces
 11548 | D:7      | Bought a bubbling green potion for 27 gold pieces
 11548 | D:7      | Bought an emerald potion for 27 gold pieces
 11561 | D:9      | Noticed a polar bear
 11573 | D:8      | Killed a polar bear
 11934 | D:9      | Reached XP level 10. HP: 46/63 MP: 10/10
 12373 | D:9      | Reached skill level 14 in Long Blades
 12489 | D:9      | Reached skill level 1 in Throwing
 12865 | D:9      | Found a basalt altar of Yredelemnul.
 13242 | D:9      | Found Xeuntyju's Weapon Shoppe.
 14048 | D:9      | Found a staircase to the Orcish Mines.
 14205 | D:10     | Entered Level 10 of the Dungeon
 14224 | D:10     | Noticed Urug
 14582 | D:10     | Reached skill level 5 in Throwing
 14625 | D:10     | Noticed Joseph
 14938 | D:7      | Bought a scroll of remove curse for 93 gold pieces
 15082 | D:10     | Killed Urug
 15283 | D:10     | Killed Joseph
 15568 | D:10     | Found an iron altar of Okawaru.
 15658 | D:11     | Noticed a cyclops
 15680 | D:11     | HP: 3/63 [cyclops (25)]
 15685 | D:11     | Hit by a large rock thrown by a cyclops

Illustrated notes

Levels and vault maps discovered:
D:1:      dpeg_arrival_water_temple_mockup, layout_loops_ring
D:2:      layout_rooms, overflow_temple_1_default, minitemple, dk_vineyard_1,
          hangedman_feature_mirror
D:3:      minmay_roachtagon, layout_basic, lemuel_blue_sif_altar,
          hex_intersection, wad_floor_pattern_2
D:4:      layout_basic, minmay_temple_entry_grid, cheibrodos_sewer_entry_sluice
D:5:      layout_basic, fedhas_ov_isle_minmay
D:6:      layout_cave_pools, serial_shops, shop
D:7:      layout_cave_pools, serial_shops, shop, shop_statue, elyvilon_altar_1
D:8:      layout_rooms, erik_lair_orcish_takeover
D:9:      layout_cave_pools, yredelemnul_forgotten_temple_becter, erik_orc_1,
          serial_ice, serial_ice_e, serial_ice_b, serial_ice_k, serial_ice_o,
          serial_ice_n, serial_shops, kennysheep_little_box
D:10:     layout_cave_pools, serial_column_ruins, column_ruins_temple_hut,
          column_ruins_hut, column_ruins_columns_straight, column_ruins_grid_1,
          column_ruins_columns_straight, column_ruins_columns_corner,
          column_ruins_open_medium_water, column_ruins_columns_straight,
          uniq_joseph, uniq_urug
D:11:     layout_basic, chequers_garden
Temple:   eino_temple_scatter_basement

Skill      XL: |  1  2  3  4  5  6  7  8  9 10 |
---------------+-------------------------------+-----
Long Blades    | 4 5 6 7 9 11 13 14 | 14.0
Throwing       | 7 |  7.5
Fighting       | |  3.0
Dodging        | |  3.0
Stealth        | |  2.6

Action                   |  1- 3 |  4- 6 |  7- 9 | 10-12 || total
-------------------------+-------+-------+-------+-------++-------
Melee: Falchion          |    35 |   133 |   167 |       ||   335
       Tentacles         |     8 |    36 |    72 |    34 ||   150
       Constrict         |    12 |    41 |    68 |    34 ||   155
       Scimitar          |       |       |   113 |   169 ||   282
Invok: Upheaval          |       |       |     4 |       ||     4
       Elemental Force   |       |       |     1 |       ||     1
Evoke: Wand              |       |       |     3 |     7 ||    10
  Use: Scroll            |       |       |    13 |     7 ||    20
       Potion            |       |       |       |     5 ||     5
 Stab: Sleeping          |     5 |     2 |       |       ||     7
       Paralysed         |       |       |       |    11 ||    11
Armor: Skin              |     4 |    32 |    53 |    20 ||   109
Dodge: Dodged            |    20 |    99 |   143 |    61 ||   323
Block: Other             |       |    18 |    29 |    13 ||    60
       Rpst.: Falchion   |     9 |    26 |    23 |       ||    58
       Scimitar          |       |       |    15 |    17 ||    32
